 Dungeon Crawl Stone Soup version 0.32-a0-599-gba8f9cf90e (webtiles) character file.

Game seed: 892556367648179913

4619 jasper the Fighter (level 10, -5/85 HPs)
             Began as a Demonspawn Cinder Acolyte on Mar 2, 2024.
             Was a Believer of Ignis.
             Killed from afar by a gargoyle (30 damage)
             ... with a stone arrow
             ... in a bailey.
             The game lasted 00:14:22 (7305 turns).

jasper the Fighter (Demonspawn Cinder Acolyte)      Turns: 7305, Time: 00:14:23

Health: -5/85      AC: 10    Str: 28    XL:     10   Next: 19%
Magic:  11/11      EV: 10    Int: 13    God:    Ignis [**....]
Gold:   343        SH:  5    Dex: 21    Spells: 11/11 levels left

rFire   . . .        m - +10 hammer of the Lamprey {vamp, ^Fragile rF- Str+4 Dex+8}
rCold   + . .        B - +0 buckler
rNeg    . . .        f - +0 ring mail
rPois   +            x - +0 helmet
rElec   .            l - +0 cloak
rCorr   .            (no gloves)
SInv    .            s - +0 pair of boots
Will    .....        (no amulet)
Stlth   +            q - ring of User {rPois rC+ Str+6 Int-2 Dex+4}
HPRegen 0.34/turn    (no ring)
MPRegen 0.12/turn

%: no passive effects
@: no status effects
A: thin metallic scales 1, demonic guardian 2, demonic magic 2
a: Renounce Religion, Fiery Armour, Foxfire Swarm, Rising Flame


You were in a bailey.
You worshipped Ignis.
Ignis was pleased with you.
You visited 1 branch of the dungeon, and saw 8 of its levels.
You also visited: Bailey.

You collected 363 gold pieces.
You spent 20 gold pieces at shops.

Inventory:

Hand Weapons
 a - a -1 mace of flaming
 k - the +2 hammer of Fedhas, Growing {venom, *Corrode Int+9}
   (You found it on level 2 of the Dungeon)

   Int+9:     It affects your intelligence (+9).
   *Corrode:  It may corrode you when you take damage.
 m - the +10 hammer of the Lamprey (weapon) {vamp, ^Fragile rF- Str+4 Dex+8}
   (You found it on level 2 of the Dungeon)

   Str+4:     It affects your strength (+4).
   Dex+8:     It affects your dexterity (+8).
   rF-:       It makes you vulnerable to fire.
   ^Fragile:  It will be destroyed if unequipped.
Missiles
 d - 31 stones (quivered)
 g - 29 poisoned darts
 i - 5 curare-tipped darts
 z - 9 boomerangs
Armour
 b - a +0 robe
 f - a +0 ring mail (worn)
 l - a +0 cloak (worn)
 s - a +0 pair of boots (worn)
 v - a scarf of repulsion
 x - a +0 helmet (worn)
 B - a +0 buckler (worn)
 G - the +1 robe of Feasting {^Drain rElec rF+ rCorr}
   (You found it on level 8 of the Dungeon)

   rF+:       It protects you from fire.
   rElec:     It insulates you from electricity.
   rCorr:     It protects you from acid and corrosion.
   ^Drain:    It drains your maximum health when unequipped.
Jewellery
 q - the ring of User (left hand) {rPois rC+ Str+6 Int-2 Dex+4}
   (You took it off an orc on level 6 of the Dungeon)

   [ring of protection from cold]

   Str+6:     It affects your strength (+6).
   Int-2:     It affects your intelligence (-2).
   Dex+4:     It affects your dexterity (+4).
   rC+:       It protects you from cold.
   rPois:     It protects you from poison.
Talismans
 e - a granite talisman
Wands
 p - a wand of flame (15)
Scrolls
 j - 2 scrolls of amnesia
 y - a scroll of vulnerability
 C - a scroll of revelation
 D - a scroll of acquirement {unknown}
 E - a scroll of immolation {unknown}
Potions
 c - 2 potions of mutation
 h - 3 potions of attraction
 n - a potion of degeneration
 o - a potion of haste
 r - 4 potions of enlightenment
 t - a potion of heal wounds
 u - a potion of might {unknown}
 w - 3 potions of curing {unknown}
 A - 2 potions of ambrosia {unknown}
 F - a potion of berserk rage {unknown}
 H - a potion of magic {unknown}


   Skills:
 - Level 10.0 Fighting
 - Level 3.5 Maces & Flails
 + Level 1.6 Shields
 + Level 9.5 Unarmed Combat
 - Level 1.0 Spellcasting
 - Level 2.6 Fire Magic
 - Level 3.0 Shapeshifting


You had 11 spell levels left.
You didn't know any spells.
Your spell library contained the following spells:

 Spells                   Type           Power      Damage    Failure   Level
 Scorch                   Fire           14%        2d5       26%         2
 Necrotise                Necr           0%         1d4       45%         1
 Vampiric Draining        Necr           0%         2d6       83%         3
 Martyr's Knell           Necr/Summ      0%         N/A       99%         4
 Alistair's Intoxication  Alch           0%         N/A       100%        5
 Borgnjor's Vile Clutch   Necr/Erth      0%         N/A       100%        5
 Curse of Agony           Necr           0%         N/A       100%        5
 Summon Forest            Summ/Tloc      0%         N/A       100%        5
 Eringya's Noxious Bog    Alch           0%         4d6       100%        6
 Summon Hydra             Summ           0%         N/A       100%        7


Dungeon Overview and Level Annotations

Branches:
Dungeon (8/15)             Temple (0/1) D:5          Bailey (1/1)
   Lair: D:8-11

Altars:
Uskayaw

Shops:
D:1 =!(?   D:2 :

Annotations:
D:6 Jeremiah
D:8 1 runed translucent door


Innate Abilities, Weirdness & Mutations

You are partially covered in thin metallic scales. (AC +2)
A demonic guardian rushes to your aid.
Spells you cast may paralyse nearby enemies.


Message History

You take 15 damage, and have 40/85 hp.
You hit the gargoyle but do no damage.
The gargoyle is heavily damaged.
The gargoyle hits you but does no damage.
You hit the gargoyle but do no damage.
The gargoyle is heavily damaged.
The gargoyle hits you with a +1 mace of protection!
You take 9 damage, and have 32/85 hp.
You hit the gargoyle but do no damage.
The gargoyle is heavily damaged.
The gargoyle hits you with a +1 mace of protection!
* * * LOW HITPOINT WARNING * * *
Your hellwing closely misses the gargoyle.
Your hellwing hits the gargoyle.
The gargoyle hurls a stone arrow at you.
The stone arrow hits you!!
* * * LOW HITPOINT WARNING * * *
You take 31 damage, and have 1/85 hp.
MASSIVE DAMAGE!!
You hit the gargoyle but do no damage.
The gargoyle is heavily damaged.
Your hellwing hits the gargoyle but does no damage. x2
The gargoyle hurls a stone arrow at you.
The stone arrow misses you.
Your hellwing hits the gargoyle but does no damage.
Your hellwing hits the gargoyle.
You feel much better. The gargoyle completely misses you.
Your hellwing closely misses the gargoyle.
Your hellwing hits the gargoyle but does no damage.
You regained 24 hp, and now have 25/85 hp.
You hit the gargoyle.
The gargoyle is almost destroyed.
You block the gargoyle's attack.
Your hellwing barely misses the gargoyle.
Your hellwing hits the gargoyle but does no damage.
You hit the gargoyle.
The gargoyle is almost destroyed.
The gargoyle hurls a stone arrow at you.
The stone arrow hits you!!
You die...
Ignis goes out, and joins you in death.

#...♣♣..♣...#...#
#......♣♣...#####
####...#........#
+....####.......#
+...##..##.....ß#
#...#....########
#...............
#......#........
#ß....##@4.##++#
#######.9.##
....## ......#
########


You could see a gargoyle (ally target) and a friendly hellwing (summoned).

Vanquished Creatures
  Pikel (D:5)
  The ghost of 7151Change the Chopper, an amateur CoGl of Elyvilon (D:4)
  Sigmund (D:3)
  Eustachio (D:5)
  2 steam dragons (D:6)
  Menkaure (D:5)
  A water moccasin (D:7)
  Duvessa (D:7)
  An orc warrior (D:8)
  An ice beast (D:7)
  2 sky beasts
  2 black bears
  2 ogres (D:6)
  4 centaurs
  4 lemures
  4 phantoms
  A kobold brigand (D:4)
  A gnoll sergeant (D:7)
  6 scorpions
  6 wights
  3 howler monkeys (D:7)
  3 bombardier beetles
  2 hounds (D:5)
  A jelly (D:7)
  2 orc priests
  Crazy Yiuf (D:2)
  A sleepcap (D:5)
  4 iguanas
  4 orc wizards (D:8)
  4 gnolls
  7 adders
  A shadow imp (D:6)
  2 ufetubi (D:5)
  3 dart slugs
  A ribbon worm (D:3)
  21 orcs
  5 ball pythons
  8 endoplasms
  2 giant cockroaches
  14 goblins
  6 hobgoblins
  2 jackals (D:1)
  14 kobolds
  3 quokkas (D:2)
  9 bats
  7 frilled lizards
  9 orc zombies (Bailey)
  7 rats
189 creatures vanquished.

Vanquished Creatures (collateral kills)
  An orc warrior (D:8)
1 creature vanquished.

Grand Total: 190 creatures vanquished

Notes
Turn   | Place    | Note
-------+----------+-------------------------------------------
     0 | D:1      | jasper the Demonspawn Cinder Acolyte began the quest for
                  | the Orb.
     0 | D:1      | Reached XP level 1. HP: 18/18 MP: 2/2
    46 | D:1      | Gained mutation: You are partially covered in thin metallic
                  | scales. (AC +2) [demonic ancestry]
    46 | D:1      | Reached XP level 2. HP: 22/24 MP: 3/3
    70 | D:1      | Found Ura Ciux's Jewellery Shoppe.
   279 | D:1      | Found Cotobb's Distillery.
   434 | D:1      | Found Nufiu's Antique Weapon Shop.
   533 | D:1      | Reached XP level 3. HP: 29/29 MP: 4/4
   596 | D:1      | Found Ytifexaff's Magic Scroll Emporium.
   604 | D:1      | Bought a scroll of identify for 20 gold pieces
  1286 | D:2      | Reached skill level 1 in Unarmed Combat
  1329 | D:2      | Reached XP level 4. HP: 36/36 MP: 5/5
  1548 | D:2      | Identified the +2 hammer of Fedhas, Growing {venom,
                  | *Corrode Int+9}
  1563 | D:2      | Found a runed translucent door.
  1564 | D:2      | Noticed Crazy Yiuf
  1570 | D:2      | Killed Crazy Yiuf
  1571 | D:2      | Reached skill level 4 in Fighting
  1575 | D:2      | Identified the +10 hammer of the Lamprey {vamp, ^Fragile
                  | rF- Str+4 Dex+8}
  1648 | D:2      | Found Rorghonuo's Book Shoppe.
  1803 | D:2      | Reached XP level 5. HP: 42/42 MP: 6/6
  1921 | D:3      | Noticed a +0 dagger
  1922 | D:3      | Found a hide-covered altar of Uskayaw.
  1922 | D:3      | Noticed a +0 dagger
  2058 | D:3      | Noticed Sigmund
  2067 | D:3      | Killed Sigmund
  2068 | D:3      | Reached skill level 5 in Fighting
  2068 | D:3      | Reached XP level 6. HP: 51/51 MP: 7/7
  2267 | D:3      | You fall into a shaft and drop 3 floors!
  2405 | D:6      | Identified the ring of User {rPois rC+ Str+6 Int-2 Dex+4}
  2424 | D:6      | Gained mutation: Spells you cast may paralyse adjacent
                  | enemies. [demonic ancestry]
  2424 | D:6      | Reached XP level 7. HP: 26/57 MP: 8/8
  2432 | D:6      | Reached skill level 6 in Fighting
  2598 | D:5      | Entered Level 5 of the Dungeon
  2606 | D:5      | Noticed Menkaure
  2608 | D:5      | Noticed Eustachio
  2623 | D:6      | Reached skill level 5 in Unarmed Combat
  2799 | D:6      | Noticed a steam dragon
  2804 | D:6      | Killed a steam dragon
  2805 | D:6      | Reached skill level 7 in Fighting
  2805 | D:6      | Gained mutation: A weak demonic guardian rushes to your
                  | aid. [demonic ancestry]
  2805 | D:6      | Reached XP level 8. HP: 48/67 MP: 9/9
  3334 | D:6      | Noticed Jeremiah
  3339 | D:5      | HP: 2/67 [Menkaure (9)]
  3340 | D:5      | Killed Menkaure
  3387 | D:5      | Noticed Pikel
  3389 | D:4      | Found a runed translucent gate.
  3389 | D:4      | Found a runed translucent gate.
  3389 | D:4      | Found a runed translucent gate.
  3509 | D:4      | Noticed 7151Change's ghost (amateur CoGl)
  4421 | D:4      | Identified the +4 shortbow "Pusui" {heavy, rC+ Str+2 Dex+3
                  | SInv}
  4735 | D:4      | Killed 7151Change's ghost
  4736 | D:4      | Reached skill level 8 in Fighting
  4853 | D:5      | Killed Pikel
  4854 | D:5      | Reached skill level 9 in Fighting
  4854 | D:5      | Gained mutation: A demonic guardian rushes to your aid.
                  | [demonic ancestry]
  4854 | D:5      | Reached XP level 9. HP: 73/76 MP: 10/10
  4905 | D:5      | Found a staircase to the Ecumenical Temple.
  5047 | D:5      | Killed Eustachio
  5504 | D:6      | Reached skill level 10 in Fighting
  5887 | D:7      | Reached skill level 1 in Shapeshifting
  6144 | D:7      | Noticed Duvessa
  6153 | D:7      | Killed Duvessa
  6188 | D:7      | Gained mutation: Spells you cast may paralyse nearby
                  | enemies. [demonic ancestry]
  6188 | D:7      | Reached XP level 10. HP: 85/85 MP: 11/11
  6785 | D:8      | Reached skill level 1 in Shields
  7087 | D:8      | Found a runed translucent door.
  7176 | D:8      | Found a flagged portal.
  7190 | D:8      | Identified the +1 robe of Feasting {^Drain rElec rF+ rCorr}
  7200 | Bailey   | Entered a bailey
  7290 | Bailey   | Noticed a gargoyle
  7301 | Bailey   | HP: 1/85 [gargoyle/stone arrow (19)]
  7305 | Bailey   | Killed from afar by a gargoyle

Illustrated notes

Levels and vault maps discovered:
D:1:      minmay_arrival_four_loops, layout_basic, serial_shops, shop_statue,
          shop, nicolae_shop_advertising_works [nicolae_subvault_shop_adworks],
          nicolae_shop_tiny_glass, minmay_tetromino_l4
D:2:      minmay_chambers_of_twos, layout_rooms, serial_shops,
          nicolae_shop_statue_plus, grunt_ministairs_3, minmay_quadrilaterals,
          uniq_crazy_yiuf_cottage
D:3:      layout_loops_corners, dancing_weapons_uskayaw, uniq_sigmund
D:4:      minmay_spotlight, layout_basic, gammafunk_ghost_nasty_kobolds,
          solitary_fountain
D:5:      layout_cave_pools, minmay_temple_entry_glassed_door,
          minmay_misc_feat_tiny, uniq_eustachio, uniq_pikel, uniq_menkaure
D:6:      layout_loops_ring, nicolae_overflow_crystal_walls,
          minmay_chambers_of_fives, uniq_jeremiah
D:7:      layout_basic, serial_shops, nicolae_shop_industrial_runoff,
          centaur_isle, uniq_duvessa
D:8:      layout_loops_corners, minitemple, ebering_ghost_reflecting_pool,
          enter_bailey_3
Bailey:   bailey_polearm_vampire_castle_hellmonk, bailey

Skill      XL: |  1  2  3  4  5  6  7  8  9 10 |
---------------+-------------------------------+-----
Maces & Flails | 3 |  3.5
Unarmed Combat | 1 2 3 4 5 7 9 |  9.5
Fighting       | 4 5 7 9 10 | 10.0
Shapeshifting  | 2 3 |  3.0
Shields        | 1 |  1.6
Spellcasting   | |  1.0
Fire Magic     | |  2.6

Action                     |  1- 3 |  4- 6 |  7- 9 | 10-12 || total
---------------------------+-------+-------+-------+-------++-------
  Melee: Mace              |    76 |    90 |   231 |   105 ||   502
 Invoke: Fiery Armour      |     2 |     2 |     4 |       ||     8
    Use: Scroll            |     2 |     3 |     7 |       ||    12
         Potion            |       |       |       |     1 ||     1
   Stab: Distracted        |       |       |     1 |       ||     1
 Armour: Robe              |    24 |       |       |       ||    24
         Ring mail         |    33 |    77 |   227 |    95 ||   432
  Dodge: Dodged            |    55 |    56 |   183 |    62 ||   356
  Block: Buckler           |       |       |       |    22 ||    22

Table legend: (Time is in decaauts)
 A = Elapsed time spent in this place.
 B = Non-inter-level travel time spent in this place.
 C = Inter-level travel time spent in this place.
 D = Time resting spent in this place.
 E = Time spent auto-exploring this place.
 F = Levels seen in this place.
 G = Mean time per level.
                   A        B        C        D        E       F      G
               +--------+--------+--------+--------+--------+-----+--------+
         Total |   7432 |   7225 |    207 |    897 |   4522 |   9 |  825.8 |
       Dungeon |   7319 |   7112 |    207 |    897 |   4494 |   8 |  914.9 |
        Bailey |    113 |    113 |      0 |      0 |     28 |   1 |  113.0 |
               +--------+--------+--------+--------+--------+-----+--------+

Top non-repeatable levels by time:
     D:6: 1533 daAuts
     D:1: 1250 daAuts
     D:3: 939 daAuts
     D:4: 845 daAuts
     D:7: 800 daAuts
     D:2: 698 daAuts
     D:5: 687 daAuts
     D:8: 564 daAuts
  Bailey: 113 daAuts
